 Dungeon Crawl Stone Soup version 0.26.1-2-gb8aa6d0cf2 (webtiles) character file.

Game seed: 2572089322239633138

112 Ladykiller69 the Skirmisher (level 4, -1/50 HPs)
             Began as an Ogre Fighter on Mar 19, 2021.
             Slain by mavignon's ghost (11 damage)
             ... on level 3 of the Dungeon.
             The game lasted 00:03:04 (3138 turns).

Ladykiller69 the Skirmisher (Ogre Fighter)          Turns: 3138, Time: 00:03:05

Health: -1/50      AC:  3    Str: 20    XL:     4   Next: 95%
Magic:  4/4        EV:  8    Int:  9    God:
Gold:   188        SH:  8    Dex:  9    Spells: 3/3 levels left

rFire    . . .     SeeInvis .   a - +0 war axe
rCold    . . .     Faith    .   c - +0 kite shield
rNeg     . . .     Spirit   .   b - +0 robe
rPois    .         Reflect  .   (helmet restricted)
rElec    .         Harm     .   (no cloak)
rCorr    .         Rampage  .   (gloves unavailable)
Will     .....                  (boots unavailable)
Stlth    +.........             (no amulet)
HPRegen  0.16/turn              (no ring)
MPRegen  0.09/turn              (no ring)

@: no status effects
A: large, unfitting armour, tough skin 1
a: no special abilities


You were on level 3 of the Dungeon.
You visited 1 branch of the dungeon, and saw 3 of its levels.

You collected 188 gold pieces.

Inventory:

Hand Weapons
 a - a +0 war axe (weapon)
Armour
 b - a +0 robe (worn)
 c - a +0 kite shield (worn)
Jewellery
 m - an uncursed ring of positive energy {unknown}
 v - an uncursed ring of positive energy {unknown}
Wands
 u - a wand of digging (7)
Scrolls
 e - 5 scrolls of identify
 f - 3 scrolls of remove curse {unknown}
 g - 2 scrolls of noise {unknown}
 h - 3 scrolls of teleportation {unknown}
 l - a scroll of amnesia {unknown}
 p - a scroll of fear {unknown}
 q - a scroll of enchant weapon {unknown}
 r - a scroll of immolation {unknown}
 s - a scroll of enchant armour {unknown}
 w - a scroll of blinking {unknown}
Potions
 d - 2 potions of might
 i - a potion of ambrosia {unknown}
 j - a potion of berserk rage {unknown}
 k - 3 potions of curing
 n - a potion of resistance {unknown}
 o - 2 potions of degeneration {unknown}
 t - a potion of haste {unknown}
 x - a potion of flight {unknown}


   Skills:
 + Level 5.0 Fighting
 * Level 3.7 Axes
 - Level 2.6 Dodging
 + Level 3.3 Shields


You had 3 spell levels left.
You didn't know any spells.
Your spell library was empty.

Dungeon Overview and Level Annotations

Branches:
Dungeon (3/15)

Altars:

Annotations:
D:3 1 transporter, mavignon's ghost, amateur FeTm


Innate Abilities, Weirdness & Mutations

You are too large for most types of armour.
You have tough skin. (AC +1)


Message History

You barely miss mavignon's ghost.
Mavignon's ghost is lightly damaged.
Mavignon's ghost closely misses you.
You miss mavignon's ghost.
Mavignon's ghost is lightly damaged.
Mavignon's ghost hits you! You block mavignon's ghost's attack.
You miss mavignon's ghost.
Mavignon's ghost is lightly damaged.
Mavignon's ghost hits you!
* * * LOW HITPOINT WARNING * * *
You hit mavignon's ghost but do no damage.
Mavignon's ghost is lightly damaged.
Mavignon's ghost hits you.
* * * LOW HITPOINT WARNING * * *
You can't go up here!
As you read the scroll labelled MEUTEOSHREI, it crumbles to dust.
It is a scroll of identify.
k - 3 potions of curing Mavignon's ghost hits you!
You die...

####.# ##.## #.#.#. #.#
#####...##### #..... #.#
##.....©.....## #.....
#.# #..#########..#
#.#.#. ###.###
#.##8.??..8##.# #....)
##.....###.#.........#.#
#.....
......[....#..#...#..#.#
#.#.#.
##.....###.#.#.....#.#.#
#..... #.....#
#.#....@...$#.# #.....
#.....# #.#.#.)W..#.#.#
#.#.#. #.....#
#.#..#...#..#.# #.....
###.### #.#©........#.#
#..... #.#
#.##8.[...8##.# #.#.#.
##'## #..#########..#
#..... ##...##
##.....©.....######.....
##.....##
###.....###......#.#.#.
#.......## #....##
#<.###.#.....


You could see mavignon's ghost.

Vanquished Creatures
  2 adders (D:2)
  An ooze (D:3)
  6 worms
  A dart slug (D:2)
  2 leopard geckos
  2 orcs (D:3)
  9 bats
  7 goblins
  2 hobgoblins (D:3)
  8 jackals (D:2)
  14 kobolds
  A quokka (D:3)
  3 ball pythons
  7 frilled lizards
  3 rats
68 creatures vanquished.

Notes
Turn   | Place    | Note
-------+----------+-------------------------------------------
     0 | D:1      | Ladykiller69 the Ogre Fighter began the quest for the Orb.
     0 | D:1      | Reached XP level 1. HP: 24/24 MP: 1/1
   132 | D:1      | Reached XP level 2. HP: 23/32 MP: 2/2
   855 | D:1      | Reached XP level 3. HP: 32/40 MP: 3/3
  1344 | D:2      | Found a faded altar of an unknown god.
  1374 | D:2      | Reached XP level 4. HP: 40/49 MP: 4/4
  2210 | D:3      | Noticed mavignon's ghost (amateur FeTm)
  2218 | D:3      | Found a transporter.
  2226 | D:3      | Found a transporter.
  3126 | D:3      | Reached skill level 5 in Fighting
  3138 | D:3      | Slain by mavignon's ghost

Illustrated notes

Levels and vault maps discovered:
D:1:      minmay_arrival_jagged, layout_loops_ring
D:2:      layout_basic, chequers_ecumenical_altar_simple_redux
D:3:      layout_loops_corners, gammafunk_ghost_arena, columned_hall_lemuel

Skill      XL: |  1  2  3  4 |
---------------+-------------+-----
Shields        | 3 |  3.3
Axes           | 3 |  3.7
Fighting       | 5 |  5.0
Dodging        | |  2.6

Action                   |  1- 3 |  4- 6 || total
-------------------------+-------+-------++-------
Melee: War axe           |    91 |    92 ||   183
  Use: Scroll            |       |     1 ||     1
Armor: Robe              |    23 |    12 ||    35
Dodge: Dodged            |    49 |    27 ||    76
Block: Kite shield       |    47 |    41 ||    88
